 Dungeon Crawl Stone Soup version 0.32-a0-913-g739538afd8 (webtiles) character file.

Game seed: 5775454091574024045

262 Nebesus the Covered (level 5, -10/46 HPs)
             Began as an Armataur Fighter on Apr 8, 2024.
             Mangled by a gnoll
             ... wielding a +0 halberd
              (12 damage)
             ... on level 1 of the Dungeon.
             The game lasted 00:01:52 (1122 turns).

Nebesus the Covered (Armataur Fighter)              Turns: 1122, Time: 00:01:52

Health: -10/46     AC:  7    Str: 24    XL:     5   Next: 97%
Magic:  5/5        EV:  6    Int:  8    God:
Gold:   11         SH:  4    Dex:  9    Spells: 4/4 levels left

rFire   . . .        a - +0 flail
rCold   . . .        c - +0 buckler
rNeg    . . .        b - +0 scale mail
rPois   .            (no helmet)
rElec   .            (no cloak)
rCorr   .            (no gloves)
SInv    .            (no barding)
Will    .....        (no amulet) Stlth
                     (no ring)
HPRegen 0.27/turn    (no ring)
MPRegen 0.09/turn

%: roll
@: brilliant
A: large, deformed body, tough skin 3, armoured tail, rollpage 1
a: no special abilities


You were on level 1 of the Dungeon.
You visited 1 branch of the dungeon, and saw 2 of its levels.

You collected 11 gold pieces.

Inventory:

Hand Weapons
 a - a +0 flail (weapon)
Armour
 b - a +0 scale mail (worn)
 c - a +0 buckler (worn)
Scrolls
 f - a scroll of fear {unknown}
 i - a scroll of enchant armour {unknown}
Potions
 d - a potion of might
 e - a potion of heal wounds {unknown}
 g - a potion of haste {unknown}
 h - a potion of attraction {unknown}
 j - a potion of brilliance


   Skills:
 + Level 3.8 Fighting
 + Level 3.1 Maces & Flails
 + Level 5.1 Armour
 + Level 4.6 Shields


You had 4 spell levels left.
You didn't know any spells.
Your spell library was empty.

Dungeon Overview and Level Annotations

Branches:
Dungeon (2/15)

Altars:


Innate Abilities, Weirdness & Mutations

Armour fits poorly on your strangely shaped body.
You have extremely tough skin. (AC +3)
You have a long armoured tail.
You regenerate magic when rolling toward enemies. (Rampage MPRegen)


Message History

You are caught in a web!
You are caught in a web!
Unknown command.
The web tears apart.
You block the gnoll's attack. The gnoll attacks as it pursues you!
The gnoll hits you with a +1 flail of holy wrath!
There is a stone staircase leading up here.
Found a scroll labelled IQUWINY QYMMU.
You closely miss the gnoll.
The gnoll hits you with a +1 flail of holy wrath.
You barely miss the gnoll. You block the gnoll's attack.
You sock the gnoll!
The gnoll is almost dead.
The gnoll hits you with a +1 flail of holy wrath.
You hit the ribbon worm.
The ribbon worm is lightly wounded.
You hit the ribbon worm. You tail-slap the ribbon worm.
The ribbon worm is heavily wounded.
The ribbon worm bites you.
You barely miss the ribbon worm. You tail-slap the ribbon worm!
You kill the ribbon worm!
The gnoll closely misses you.
You hit the gnoll.
You kill the gnoll!
The gnoll hits you from afar with a +0 halberd.
You roll towards the gnoll!
You hit the gnoll.
The gnoll is heavily wounded.
You block the gnoll's attack. The gnoll hits you with a +0 halberd!
The gnoll hits you from afar with a +0 spear.
* * * LOW HITPOINT WARNING * * *
You block the gnoll's attack. The gnoll hits you with a +0 halberd!
* * * LOW HITPOINT WARNING * * *
You block the gnoll's attack.
You climb upwards.
There is a stone staircase leading down here.
Unknown command.
It was a potion of brilliance.
You feel clever all of a sudden. The gnoll hits you with a +0 halberd!
You die...

#....'......#........#.##.#.##
####.)..###....'.................
........# #....#.#......#.##.....
........# #....#.#......#.##.#.##
........# #....#.'.............##
....#.### #....###........##.#...
+####)# #.#'## #.............##
.....รท#####.#.####...............
.#..............@)...####.##.....
.###..........##.g............###
.#...............###.#######..#
.#.#........#+#..#............###
.#.#.##..........#.#.#####.......
.#.#.............#.#.# #..#####
.#...............#.#.# #.......
...#....#..####..#.#.# #.######
.#............#..#.#.#####.#


You could see a gnoll.

Vanquished Creatures
  Sigmund (D:2)
  Natasha (D:2)
  4 gnolls
  2 dart slugs
  A ribbon worm (D:2)
  3 endoplasms (D:1)
  A giant cockroach (D:1)
  2 goblins (D:1)
  4 hobgoblins (D:1)
  3 jackals (D:1)
  3 ball pythons (D:1)
  3 frilled lizards
  3 kobolds (D:1)
  7 rats (D:1)
38 creatures vanquished.

Notes
Turn   | Place    | Note
-------+----------+-------------------------------------------
     0 | D:1      | Nebesus the Armataur Fighter began the quest for the Orb.
     0 | D:1      | Reached XP level 1. HP: 18/18 MP: 1/1
    93 | D:1      | Reached XP level 2. HP: 23/25 MP: 2/2
   309 | D:1      | Reached skill level 4 in Armour
   336 | D:1      | Reached XP level 3. HP: 7/31 MP: 3/3
  1016 | D:2      | Noticed Sigmund
  1018 | D:2      | Noticed Natasha
  1022 | D:2      | Killed Sigmund
  1023 | D:2      | Reached XP level 4. HP: 33/40 MP: 4/4
  1023 | D:2      | Reached XP level 5. HP: 38/46 MP: 5/5
  1039 | D:2      | Killed Natasha
  1040 | D:2      | Reached skill level 5 in Armour
  1120 | D:2      | HP: 1/46 [gnoll/+0 halberd (10)]
  1122 | D:1      | Mangled by a gnoll

Illustrated notes

Levels and vault maps discovered:
D:1:      matt_arrival_los_fun, layout_basic
D:2:      layout_loops_ring, serial_shops, nicolae_shop_bloodbath_and_beyond,
          uniq_sigmund, uniq_natasha

Skill      XL: |  1  2  3  4  5 |
---------------+----------------+-----
Maces & Flails | 2 3 |  3.1
Armour         | 4 5 |  5.1
Fighting       | 3 |  3.8
Shields        | 4 |  4.6

Action                     |  1- 3 |  4- 6 || total
---------------------------+-------+-------++-------
  Melee: Flail             |    81 |    28 ||   109
         Tailslap          |     9 |     6 ||    15
    Use: Potion            |       |     1 ||     1
 Armour: Scale mail        |    69 |    29 ||    98
  Dodge: Dodged            |    24 |    11 ||    35
  Block: Buckler           |    17 |    12 ||    29

Table legend: (Time is in decaauts)
 A = Elapsed time spent in this place.
 B = Non-inter-level travel time spent in this place.
 C = Inter-level travel time spent in this place.
 D = Time resting spent in this place.
 E = Time spent auto-exploring this place.
 F = Levels seen in this place.
 G = Mean time per level.
                   A        B        C        D        E       F      G
               +--------+--------+--------+--------+--------+-----+--------+
         Total |   1182 |   1139 |     43 |     54 |    813 |   2 |  591.0 |
       Dungeon |   1182 |   1139 |     43 |     54 |    813 |   2 |  591.0 |
               +--------+--------+--------+--------+--------+-----+--------+

Top non-repeatable levels by time:
     D:1: 1096 daAuts
     D:2: 85 daAuts
